 Dungeon Crawl Stone Soup version 0.25.0-37-gb73750e0fb (webtiles) character file.

Game seed: 14332681117261651648

639072 hittemvvvvhard the Slayer (level 27, -11/295 HPs)
             Began as a Centaur Wizard on July 6, 2020.
             Was a High Priest of Okawaru.
             Mangled by an Orb Guardian (19 damage)
             ... on level 5 of the Realm of Zot on July 9, 2020.
             The game lasted 03:49:27 (131731 turns).

hittemvvvvhard the Slayer (Centaur Wizard)        Turns: 131731, Time: 03:49:27

Health: -11/295    AC: 48    Str: 20 (21) XL:     27
Magic:  34/34      EV:  2    Int: 21      God:    Okawaru [*****.]
Gold:   11358      SH:  0    Dex: 13      Spells: 25/30 levels left

rFire    + . .     SeeInvis +   a - +7 longbow of Righteous Anger {freeze, rN+ Int+4}
rCold    . . .     Gourm    .   (shield currently unavailable)
rNeg     + + +     Faith    .   w - +9 plate armour "Ysuor" {*Drain Slay+5}
rPois    +         Spirit   .   k - +2 hat
rElec    +         Reflect  .   K - +2 cloak {MR+}
rCorr    .         Harm     .   l - +2 pair of gloves {archery} {Ranged Slay+4}
MR       ++++.     Rnd*Tele +   W - +4 centaur barding {rF+} {rF+}
Stlth    ..........             u - macabre finger necklace {rN+}
HPRegen  0.59/turn              S - ring "Nam Awi" {rN+ SInv}
MPRegen  0.24/turn              M - ring of protection from magic
                                A - ring "Kepoiliy" {rElec rPois Str+3}

@: marked, vertigo, contaminated, held, glowing, very quick
A: large, hooves 3, thin skeletal structure 1, blurry vision 1, clumsy 1,
deformed body, deterioration 2, speed 2, robust 1, teleportitis 1, tough skin 3
}: 3/15 runes: decaying, silver, gossamer
a: Heroism, Finesse, Renounce Religion


You were on level 5 of the Realm of Zot.
You worshipped Okawaru.
Okawaru was extremely pleased with you.
You were hungry.

You visited 11 branches of the dungeon, and saw 53 of its levels.
You also visited: Trove, Ossuary, Gauntlet and Wizlab.

You collected 12245 gold pieces.
You spent 887 gold pieces at shops.

Inventory:

Hand Weapons
 a - the +7 longbow of Righteous Anger (weapon) {freeze, rN+ Int+4}
   (Okawaru gifted it to you on level 2 of the Swamp)

   It causes projectiles fired from it to freeze those they strike, causing
   extra injury to most foes and up to half again as much damage against
   particularly susceptible opponents.
   They can also slow down cold-blooded creatures.
   It affects your intelligence (+4).
   It protects you from negative energy.
Missiles
 f - 331 arrows (quivered)
 g - 100 poisoned darts
 j - 49 javelins
 E - 40 curare-tipped darts
 N - a throwing net {=f}
 X - 13 silver javelins
Armour
 k - a +2 hat (worn)
 l - a +2 pair of gloves of archery (worn) {Ranged Slay+4}
 w - the +9 plate armour "Ysuor" (worn) {*Drain Slay+5}
   (You found it on level 6 of the Lair of Beasts)

   It affects your accuracy and damage with ranged weapons and melee attacks
   (+5).
   It causes draining when unequipped.
 K - a +2 cloak of magic resistance (worn)
 W - a +4 centaur barding of fire resistance (worn) {rF+}
Jewellery
 u - the macabre finger necklace (around neck) {rN+}
   (You took it off a deep elf elementalist on level 3 of the Elven Halls)

   [amulet of nothing]

   It protects you from negative energy.
 x - a +4 ring of evasion
 A - the ring "Kepoiliy" (on amulet) {rElec rPois Str+3}
   (You acquired it on level 2 of the Vaults)

   [ring of poison resistance]

   It affects your strength (+3).
   It insulates you from electricity.
   It protects you from poison.
 C - an uncursed ring of resist corrosion
 F - the ring of Lez Gady {+Fly rF+ rC- Int-3 Slay+5}
   (You found it on level 4 of the Vaults)

   [ring of protection from fire]

   It affects your intelligence (-3).
   It affects your accuracy and damage with ranged weapons and melee attacks
   (+5).
   It protects you from fire.
   It makes you vulnerable to cold.
   It lets you fly.
 I - an uncursed ring of protection from cold
 M - a ring of protection from magic (right hand)
 S - the ring "Nam Awi" (left hand) {rN+ SInv}
   (You found it on level 4 of the Depths)

   [ring of see invisible]

   It protects you from negative energy.
   It lets you see invisible.
Wands
 D - a wand of digging (6)
 H - a wand of acid (16)
 L - a wand of iceblast (7)
 P - a wand of paralysis (27)
 Y - a wand of disintegration (17)
 Z - a wand of enslavement (28)
Scrolls
 b - 4 scrolls of silence
 i - 13 scrolls of identify
 o - 36 scrolls of remove curse
 q - a scroll of blinking {!r}
 r - 8 scrolls of magic mapping {!r}
 s - 6 scrolls of fear
 t - 12 scrolls of teleportation
 y - 5 scrolls of vulnerability {!r!r}
 G - 2 scrolls of summoning
 J - 4 scrolls of fog
Potions
 d - 7 potions of lignification {!q}
 h - 11 potions of haste
 n - 6 potions of magic
 p - 7 potions of invisibility
 v - 3 potions of heal wounds
 z - 3 potions of resistance
 B - 6 potions of cancellation
 O - 2 potions of ambrosia
 R - 14 potions of curing
 U - 3 potions of mutation {!q}
 V - 5 potions of flight
Miscellaneous
 c - a box of beasts
 m - 5 phantom mirrors
 Q - a tin of tremorstones (3/3)
 T - a phial of floods (inert)
Comestibles
 e - 68 rations


   Skills:
 + Level 26.0 Fighting
   Level 0.2 Maces & Flails
   Level 9.1(13.2) Slings
 - Level 20.0 Bows
 - Level 15.1(16.0) Throwing
 + Level 20.7 Armour
 + Level 12.9 Dodging
 - Level 1.1 Stealth
 - Level 2.4 Spellcasting
 - Level 0.8 Conjurations
   Level 0.8 Summonings
 - Level 0.8 Translocations
 - Level 11.0 Invocations
 + Level 14.7 Evocations


You had 25 spell levels left.
You knew the following spells:

 Your Spells              Type           Power        Failure   Level  Hunger
a - Magic Dart            Conj           #...         71%         1    None
x - Iskenderun's Mystic   Conj/Tloc      #.......     100%        4    ####...

Your spell library contained the following spells:

 Spells                   Type           Power        Failure   Level  Hunger
 Apportation              Tloc           #.....       71%         1    None
 Summon Butterflies       Summ           #.......     71%         1    None
 Summon Small Mammal      Summ           #...         71%         1    None
 Foxfire                  Conj/Fire      #...         77%         1    None
 Animate Skeleton         Necr           N/A          82%         1    None
 Corona                   Hex            #......      82%         1    None
 Freeze                   Ice            #...         82%         1    None
 Infusion                 Chrm           #...         82%         1    None
 Pain                     Necr           #...         82%         1    None
 Sandblast                Erth           #.....       82%         1    None
 Sting                    Tmut/Pois      #...         82%         1    None
 Blink                    Tloc           N/A          83%         2    ##.....
 Call Imp                 Summ           #.......     83%         2    ##.....
 Searing Ray              Conj           #.....       83%         2    ##.....
 Shroud of Golubria       Chrm/Tloc      #.....       87%         2    ##.....
 Ensorcelled Hibernation  Hex/Ice        #.....       91%         2    ##.....
 Poisonous Vapours        Pois/Air       #.....       91%         2    ##.....
 Slow                     Hex            #.......     91%         2    ##.....
 Song of Slaying          Chrm           #.......     91%         2    ##.....
 Sticks to Snakes         Tmut           #.......     91%         2    ##.....
 Sublimation of Blood     Necr           #.........   91%         2    ##.....
 Call Canine Familiar     Summ           #.......     96%         3    ###....
 Gell's Gravitas          Tloc           #.........   96%         3    ###....
 Recall                   Summ/Tloc      N/A          96%         3    ###....
 Conjure Flame            Conj/Fire      #.......     98%         3    ###....
 Dazzling Flash           Conj/Hex       #.....       98%         3    ###....
 Mephitic Cloud           Conj/Pois/Air  #.......     98%         3    ###....
 Portal Projectile        Hex/Tloc       #.....       98%         3    ###....
 Static Discharge         Conj/Air       #.......     98%         3    ###....
 Stone Arrow              Conj/Erth      #.....       98%         3    ###....
 Summon Guardian Golem    Hex/Summ       #.......     98%         3    ###....
 Confusing Touch          Hex            #.......     99%         3    ###....
 Frozen Ramparts          Ice            #.....       99%         3    ###....
 Ignite Poison            Fire/Tmut/Pois #.......     99%         3    ###....
 Inner Flame              Hex/Fire       #.......     99%         3    ###....
 Ozocubu's Armour         Chrm/Ice       #.......     99%         3    ###....
 Spectral Weapon          Hex/Chrm       #.......     99%         3    ###....
 Tukima's Dance           Hex            #.......     99%         3    ###....
 Vampiric Draining        Necr           #.........   99%         3    ###....
 Airstrike                Air            #.........   100%        4    ####...
 Animate Dead             Necr           N/A          100%        4    ####...
 Cause Fear               Hex            #.........   100%        4    ####...
 Dispel Undead            Necr           #.......     100%        4    ####...
 Fulminant Prism          Conj/Hex       #.........   100%        4    ####...
 Hailstorm                Conj/Ice       #.......     100%        4    ####...
 Ice Form                 Ice/Tmut       #.......     100%        4    ####...
 Leda's Liquefaction      Hex/Erth       #.........   100%        4    ####...
 Petrify                  Tmut/Erth      #.......     100%        4    ####...
 Sticky Flame             Conj/Fire      #.......     100%        4    ####...
 Summon Ice Beast         Ice/Summ       #.......     100%        4    ####...
 Summon Lightning Spire   Summ/Air       #.......     100%        4    ####...
 Agony                    Necr           #.......     100%        5    ######.
 Alistair's Intoxication  Tmut/Pois      #.......     100%        5    ######.
 Bolt of Magma            Conj/Fire/Erth #.........   100%        5    ######.
 Borgnjor's Vile Clutch   Necr/Erth      #.........   100%        5    ######.
 Fireball                 Conj/Fire      #.........   100%        5    ######.
 Irradiate                Conj/Tmut      #.........   100%        5    ######.
 Iskenderun's Battlesphe  Conj/Chrm      #.......     100%        5    ######.
 Lightning Bolt           Conj/Air       #.........   100%        5    ######.
 Metabolic Englaciation   Hex/Ice        #.........   100%        5    ######.
 Silence                  Hex/Air        #.........   100%        5    ######.
 Summon Mana Viper        Hex/Summ       #.......     100%        5    ######.
 Yara's Violent Unravell  Hex/Tmut       #.........   100%        5    ######.
 Death Channel            Necr           #.........   100%        6    #######
 Eringya's Noxious Bog    Tmut/Pois      #.........   100%        6    #######
 Freezing Cloud           Conj/Ice/Air   #.........   100%        6    #######
 Hydra Form               Tmut           #.........   100%        6    #######
 Invisibility             Hex            #.......     100%        6    #######
 Iron Shot                Conj/Erth      #.........   100%        6    #######
 Ozocubu's Refrigeration  Ice            #.........   100%        6    #######
 Simulacrum               Ice/Necr       #.........   100%        6    #######
 Starburst                Conj/Fire      #.........   100%        6    #######
 Statue Form              Tmut/Erth      #........    100%        6    #######
 Dragon Form              Tmut           #.........   100%        7    #######
 Malign Gateway           Summ/Tloc      #.........   100%        7    #######
 Monstrous Menagerie      Summ           #.........   100%        7    #######
 Orb of Destruction       Conj           #.........   100%        7    #######
 Ring of Flames           Chrm/Fire      #.........   100%        7    #######
 Spellforged Servitor     Conj/Summ      #.........   100%        7    #######
 Summon Greater Demon     Summ           #.........   100%        7    #######
 Summon Hydra             Summ           #.........   100%        7    #######
 Borgnjor's Revivificati  Necr           #.........   100%        8    #######
 Ignition                 Fire           #.........   100%        8    #######
 Lehudib's Crystal Spear  Conj/Erth      #.........   100%        8    #######
 Summon Horrible Things   Summ           #.........   100%        8    #######
 Dragon's Call            Summ           #.........   100%        9    #######
 Shatter                  Erth           #.........   100%        9    #######
 Tornado                  Air            #.........   100%        9    #######


Dungeon Overview and Level Annotations

Branches:
Dungeon (15/15)            Temple (1/1) D:6            Lair (6/6) D:11
  Swamp (4/4) Lair:4       Spider (4/4) Lair:2        Slime (0/5) Lair:6
    Orc (2/2) D:12            Elf (3/3) Orc:2        Vaults (5/5) D:13
  Crypt (3/3) Vaults:2       Tomb (0/3) Crypt:3      Depths (5/5) D:15
    Zot (5/5) Depths:5    Ossuary (visited)          WizLab (visited)
Gauntlet (visited)

Altars:
Ashenzari
Cheibriados
Dithmenos
Elyvilon
Fedhas
Gozag
Hepliaklqana
Kikubaaqudgha
Makhleb
Nemelex Xobeh
Okawaru
Qazlal
Ru
Sif Muna
Trog
Uskayaw
Vehumet
Wu Jian
Xom
Yredelemnul
Zin
The Shining One
Jiyva

Shops:
Orc:2 !((*   Elf:1 %   Depths:4 =

Portals:
Hell: Depths:1 Depths:2 Depths:3 Depths:4 Depths:5
Abyss: Depths:3 Depths:4
Pandemonium: Depths:3 Depths:5
Ziggurat: Depths:1

Annotations:
Swamp:2 Roxanne
Crypt:1 2 transporters, Ettikh's ghost, veteran FoFi
Zot:1 exclusion: downstairs
Zot:3 exclusion: 2 downstairs
Zot:5 exclusions: 2 upstairs and 12 more exclusions


Innate Abilities, Weirdness & Mutations

You have hooves in place of feet.
Armour fits poorly on your strangely shaped body.
You cover ground very quickly.
You have extremely tough skin. (AC +3)
You have a somewhat thin skeletal structure. (Dex +2, Stealth)
Scrolls take you a little longer to read.
You are clumsy. (Dex -2)
Your body often deteriorates upon taking damage.
You are robust. (+10% HP)
You are occasionally teleported next to monsters.


Message History

The orb of fire emits a lurid red light.
Strange energies course through your body.
You feel your body start to fall apart. The Orb Guardian hits you!
* * * LOW HITPOINT WARNING * * *
The Tzitzimitl engulfs you but does no damage.
The Tzitzimitl bites you but does no damage.
The yellow draconian hits you but does no damage.
The red draconian stormcaller hits you but does no damage.
An Orb Guardian comes into view.
The ancient lich completely misses you.
The Killer Klown blinks!
The purple draconian monk rages.
The Killer Klown blinks!
You take 64 damage, and have 8/295 hp.
GAME OVER YEAH!!
Really read
q - a scroll of blinking {!r}?
Your blink will be uncontrolled - continue anyway?
Really read with blurry vision while enemies are nearby?
The Orb Guardian hits you!!
You die...

▓▓.p.............▓▓
▓▓......X..........^
▓▓.............d.^...
▓..p.....d....dX.pXL.
▓^...............ypd.
▓▓...(k.....^§...*.pX
▓▓..XX..p.^.§ddq.d..
▓▓qdlk.....§...X..p
▓▓L@1Dy...p.§.......
▓▓qd*Xy..............
▓^..8§p..d...........
▓.(.k.............?.^
▓▓...................
▓▓......./.^........
▓▓▓▓.............▓▓
▓▓▓▓▓▓▓▓▓▓▓▓▓**

Skill      XL: |  1  2  3  4  5  6  7  8  9 10 11 12 13 14 15 16 17 18 19 20 21 22 23 24 25 26 27 |
---------------+----------------------------------------------------------------------------------+-----
Fighting       | 1 3 5 6 8 10 11 13 15 16 17 19 20 22 23 24 25 26 | 26.0
Slings         | 2 3 4 6 8 9 |  9.1
Bows           | 8 12 14 15 20 | 20.0
Evocations     | 3 5 6 7 8 9 10 12 14 | 14.7
Invocations    | 6 9 11 | 11.0
Armour         | 4 6 7 9 10 12 13 14 16 17 18 19 20 | 20.7
Dodging        | 3 4 5 6 7 8 9 10 12 | 12.9
Throwing       | 1 14 15 | 15.1
Maces & Flails | |  0.2
Stealth        | |  1.1
Spellcasting   | |  2.4
Conjurations   | |  0.8
Summonings     | |  0.8
Translocations | |  0.8

Notes
Turn   | Place    | Note
-------+----------+-------------------------------------------
     0 | D:1      | hittemvvvvhard the Centaur Wizard began the quest for the
                  | Orb.
     0 | D:1      | Reached XP level 1. HP: 14/14 MP: 3/3
   167 | D:1      | Reached skill level 1 in Fighting
   521 | D:1      | Reached XP level 2. HP: 23/23 MP: 5/5
   607 | D:1      | Reached skill level 1 in Slings
  1145 | D:1      | Reached skill level 2 in Slings
  1151 | D:1      | Reached XP level 3. HP: 28/28 MP: 6/6
  2248 | D:2      | Found a shadowy altar of Dithmenos.
  2294 | D:2      | Reached skill level 3 in Slings
  2722 | D:2      | Reached XP level 4. HP: 35/35 MP: 7/7
  2874 | D:2      | You fall into a shaft and drop 2 floors!
  3051 | D:3      | Reached skill level 4 in Slings
  4119 | D:2      | Reached XP level 5. HP: 36/40 MP: 8/8
  4363 | D:3      | Found a burning altar of Makhleb.
  4380 | D:3      | Reached skill level 5 in Slings
  5611 | D:4      | Reached skill level 6 in Slings
  5697 | D:4      | Reached XP level 6. HP: 36/48 MP: 9/9
  5703 | D:4      | Reached skill level 2 in Fighting
  6381 | D:5      | Entered Level 5 of the Dungeon
  6540 | D:5      | Reached skill level 3 in Fighting
  6663 | D:5      | Found a sand-covered staircase.
  6692 | Ossuary  | Entered an ossuary
  7016 | Ossuary  | Reached XP level 7. HP: 57/57 MP: 10/10
  7369 | D:5      | Reached skill level 7 in Slings
  8013 | D:5      | Reached skill level 4 in Fighting
  8209 | D:5      | Found a stormy altar of Qazlal.
  9334 | D:6      | Reached skill level 8 in Slings
  9368 | D:6      | Found a blossoming altar of Fedhas.
  9433 | D:6      | Reached skill level 5 in Fighting
  9803 | D:6      | Reached XP level 8. HP: 64/68 MP: 11/11
 10022 | D:6      | Found a staircase to the Ecumenical Temple.
 10048 | Temple   | Entered the Ecumenical Temple
 10562 | D:6      | Found a shattered altar of Ashenzari.
 10901 | D:7      | Noticed Prince Ribbit
 10939 | D:7      | Killed Prince Ribbit
 10939 | D:7      | Reached skill level 6 in Fighting
 10939 | D:7      | Reached skill level 9 in Slings
 11417 | D:7      | Reached skill level 1 in Bows
 11462 | D:7      | Reached skill level 2 in Bows
 11488 | D:7      | Reached skill level 3 in Bows
 12088 | D:8      | Reached skill level 4 in Bows
 12154 | D:8      | Noticed a hippogriff
 12190 | D:8      | Reached skill level 5 in Bows
 12195 | D:8      | HP: 17/71 [poisoned by a water moccasin]
 12201 | D:8      | HP: 14/71 [poisoned by a water moccasin]
 12208 | D:8      | HP: 12/71 [poisoned by a water moccasin]
 12216 | D:7      | HP: 10/71 [poisoned by a water moccasin]
 12221 | D:7      | HP: 10/71 [poisoned by a water moccasin]
 12229 | D:7      | HP: 9/71 [poisoned by a water moccasin]
 12607 | D:8      | Noticed a two-headed ogre
 12691 | D:7      | Killed a two-headed ogre
 12691 | D:7      | Reached skill level 8 in Bows
 12691 | D:7      | Reached XP level 9. HP: 40/78 MP: 10/12
 13313 | D:7      | Reached skill level 9 in Bows
 13629 | D:8      | Reached skill level 10 in Bows
 13907 | D:8      | Reached skill level 11 in Bows
 14220 | D:8      | Noticed Erica
 14265 | D:9      | Noticed a troll
 14440 | D:8      | Found a glowing silver altar of Zin.
 14540 | D:8      | Killed Erica
 14540 | D:8      | Reached skill level 12 in Bows
 14540 | D:8      | Reached XP level 10. HP: 76/84 MP: 11/13
 14584 | D:8      | Found an iron altar of Okawaru.
 14585 | D:8      | Found a glowing golden altar of the Shining One.
 14586 | D:8      | Found a snail-covered altar of Cheibriados.
 14768 | D:8      | Became a worshipper of Warmaster Okawaru
 14866 | D:9      | Reached skill level 1 in Evocations
 15266 | D:9      | Found an opulent altar of Gozag.
 15274 | D:9      | Found a blossoming altar of Fedhas.
 15282 | D:9      | Found an ornate altar of the Wu Jian Council.
 15282 | D:9      | Found a shadowy altar of Dithmenos.
 15289 | D:9      | Found a shimmering blue altar of Sif Muna.
 15810 | D:9      | Reached * piety under Okawaru
 15810 | D:9      | Reached skill level 2 in Evocations
 15961 | D:9      | Reached skill level 13 in Bows
 16723 | D:10     | Entered Level 10 of the Dungeon
 16742 | D:10     | Reached skill level 1 in Invocations
 16777 | D:10     | Noticed an unseen horror
 16796 | D:10     | Killed an unseen horror
 16796 | D:10     | Reached skill level 2 in Invocations
 17023 | D:10     | Reached skill level 3 in Evocations
 18120 | D:10     | Noticed an unseen horror
 18229 | D:9      | HP: 17/80 [unseen horror (5)]
 18248 | D:9      | HP: 18/84 [unseen horror (4)]
 18249 | D:9      | Killed an unseen horror
 18249 | D:9      | Reached ** piety under Okawaru
 18249 | D:9      | Reached skill level 14 in Bows
 18249 | D:9      | Reached skill level 4 in Invocations
 18681 | D:9      | HP: 20/84 [killer bee (5)]
 18698 | D:9      | HP: 21/84 [poisoned by a killer bee]
 18703 | D:9      | HP: 18/84 [poisoned by a killer bee]
 18708 | D:9      | HP: 17/84 [poisoned by a killer bee]
 18715 | D:9      | HP: 15/84 [poisoned by a killer bee]
 18722 | D:9      | HP: 15/84 [poisoned by a killer bee]
 18730 | D:9      | HP: 15/84 [poisoned by a killer bee]
 19116 | D:9      | Reached skill level 5 in Invocations
 20373 | D:10     | Reached skill level 6 in Invocations
 20435 | D:10     | Reached *** piety under Okawaru
 20435 | D:10     | Reached XP level 11. HP: 76/91 MP: 15/15
 20673 | D:10     | Paralysed by an orc warrior for 6 turns
 20683 | D:10     | Reached skill level 1 in Armour
 21814 | D:10     | Reached skill level 7 in Fighting
 21845 | D:10     | Reached **** piety under Okawaru
 21851 | D:10     | Received a gift from Okawaru
 21851 | D:10     | Reached skill level 7 in Invocations
 21998 | D:10     | Noticed a three-headed hydra
 22072 | D:10     | Killed a three-headed hydra
 22072 | D:10     | Reached skill level 2 in Armour
 22076 | D:10     | Received a gift from Okawaru
 23107 | D:11     | Noticed a two-headed ogre
 23279 | D:11     | Noticed a cyan ugly thing
 23439 | D:9      | Killed a cyan ugly thing
 23439 | D:9      | Received a gift from Okawaru
 23867 | D:11     | Reached skill level 3 in Armour
 23946 | D:10     | Killed a two-headed ogre
 23946 | D:10     | Reached skill level 8 in Fighting
 23946 | D:10     | Reached skill level 8 in Invocations
 24446 | D:11     | Found a staircase to the Lair.
 24518 | D:10     | Reached ***** piety under Okawaru
 25054 | D:11     | Received a gift from Okawaru
 25711 | D:11     | Reached skill level 4 in Armour
 25934 | D:11     | Reached skill level 9 in Invocations
 25934 | D:11     | Reached XP level 12. HP: 94/103 MP: 18/18
 26015 | D:11     | Noticed Fannar
 26191 | D:11     | Killed Fannar
 26191 | D:11     | Reached skill level 9 in Fighting
 27381 | D:11     | Received a gift from Okawaru
 27381 | D:11     | Reached skill level 5 in Armour
 27809 | D:12     | HP: 23/106 [manticore (5)]
 27850 | D:12     | Reached skill level 10 in Fighting
 28080 | D:12     | Found a staircase to the Orcish Mines.
 28765 | D:12     | Reached skill level 2 in Dodging
 29255 | D:12     | Received a gift from Okawaru
 29461 | D:12     | Upgraded the game from 0.25.0-33-gff14898491 to
                  | 0.25.0-37-gb73750e0fb
 29894 | D:12     | Received a gift from Okawaru
 29975 | D:12     | Reached skill level 4 in Evocations
 30846 | D:12     | Received a gift from Okawaru
 31121 | Lair:1   | Entered Level 1 of the Lair of Beasts
 31232 | Lair:1   | Received a gift from Okawaru
 31232 | Lair:1   | Reached skill level 3 in Dodging
 32866 | Lair:2   | Reached skill level 6 in Armour
 33135 | Lair:2   | Got a translucent ring mail
 33151 | Lair:2   | Identified the cursed +1 ring mail "Mycke" {*Corrode rC++
                  | rN++} (You found it on level 2 of the Lair of Beasts)
 33229 | Lair:2   | Received a gift from Okawaru
 33439 | Lair:2   | Reached skill level 5 in Evocations
 33439 | Lair:2   | Reached XP level 13. HP: 95/115 MP: 19/19
 33952 | Lair:2   | Found a hole to the Spider Nest.
 36080 | Lair:4   | Found a staircase to the Swamp.
 37358 | Lair:4   | Reached skill level 11 in Fighting
 38126 | Lair:4   | Reached ****** piety under Okawaru
 38126 | Lair:4   | Reached skill level 4 in Dodging
 38406 | Lair:5   | Reached skill level 1 in Throwing
 39521 | Orc:1    | Entered Level 1 of the Orcish Mines
 39814 | D:12     | Received a gift from Okawaru
 40417 | Orc:1    | Paralysed by an orc sorcerer for 7 turns
 40802 | Orc:1    | You fall into a shaft and drop 1 floor!
 40802 | Orc:2    | Entered Level 2 of the Orcish Mines
 41178 | Orc:2    | Found a staircase to the Elven Halls.
 41605 | Orc:1    | Received a gift from Okawaru
 42120 | Orc:2    | Reached skill level 6 in Evocations
 42136 | Orc:2    | Received a gift from Okawaru
 43180 | Orc:2    | Paralysed by an orc sorcerer for 5 turns
 43503 | Orc:2    | Reached skill level 7 in Armour
 43651 | Orc:2    | Noticed Nessos
 43651 | Orc:2    | Noticed an orc warlord
 43654 | Orc:2    | Noticed Nessos
 43654 | Orc:2    | Nessos changed into Nessos the sea snake
 43756 | Orc:2    | Killed Nessos the sea snake
 43762 | Orc:1    | HP: 27/116 [poisoned by Nessos]
 43767 | Orc:1    | HP: 18/116 [poisoned by Nessos]
 43772 | Orc:1    | HP: 12/116 [poisoned by Nessos]
 43777 | Orc:1    | HP: 8/116 [poisoned by Nessos]
 43783 | Orc:1    | HP: 5/116 [poisoned by Nessos]
 43789 | Orc:1    | HP: 4/116 [poisoned by Nessos]
 43795 | Orc:1    | HP: 4/116 [poisoned by Nessos]
 43802 | Orc:1    | HP: 4/116 [poisoned by Nessos]
 46062 | Orc:2    | Found Qobu Waw's Weapon Shop.
 46062 | Orc:2    | Found Raene Ukiwo's Distillery.
 46067 | Orc:2    | Found Hieb's Antique Weapon Emporium.
 46067 | Orc:2    | Found Muoc's General Store.
 46083 | Orc:2    | Bought a potion of curing for 36 gold pieces
 46086 | Orc:2    | Bought a potion of cancellation for 112 gold pieces
 46086 | Orc:2    | Bought a potion of haste for 140 gold pieces
 46086 | Orc:2    | Bought a potion of haste for 140 gold pieces
 46086 | Orc:2    | Bought a potion of curing for 42 gold pieces
 46086 | Orc:2    | Bought a potion of ambrosia for 112 gold pieces
 46086 | Orc:2    | Bought a potion of heal wounds for 70 gold pieces
 46086 | Orc:2    | Bought a potion of curing for 42 gold pieces
 46086 | Orc:2    | Bought a potion of magic for 112 gold pieces
 46317 | D:13     | Reached skill level 15 in Bows
 46411 | D:13     | Found a gate to the Vaults.
 46671 | D:12     | Killed an orc warlord
 46671 | D:12     | Received a gift from Okawaru
 46887 | D:13     | Noticed Azrael
 46999 | D:13     | Noticed Urug
 47002 | D:13     | Killed Azrael
 47468 | D:12     | Reached XP level 14. HP: 107/125 MP: 20/20
 47665 | D:13     | Noticed Sonja
 47666 | D:13     | Noticed Sonja
 47666 | D:13     | Sonja changed into Sonja the unseen horror
 47673 | D:13     | Killed Sonja the unseen horror
 47673 | D:13     | Reached skill level 16 in Bows
 48250 | D:13     | Identified the +4 plate armour "Tesio" {+Blink MR+ Str+5
                  | Dex-5}
 48359 | D:13     | Received a gift from Okawaru
 48380 | D:13     | Got a polished shortbow {god gift}
 48380 | D:13     | Identified the +10 shortbow of Lamo Awu {flame, *Slow
                  | +Blink rF+ Int+6} (Okawaru gifted it to you on level 13 of
                  | the Dungeon)
 48685 | D:13     | Killed Urug
 48685 | D:13     | Reached skill level 17 in Bows
 48979 | D:13     | Found a portal to a secret trove of treasure.
 49462 | D:14     | Received a gift from Okawaru
 49468 | D:14     | Got a steaming ring mail {god gift}
 49493 | D:13     | Identified the +5 ring mail of Courage {rC++ MR+ SInv}
                  | (Okawaru gifted it to you on level 14 of the Dungeon)
 49697 | Orc:2    | Bought 14 arrows for 42 gold pieces
 49697 | Orc:2    | Bought 13 arrows for 39 gold pieces
 49844 | D:14     | Found a blossoming altar of Fedhas.
 49889 | D:14     | Reached skill level 18 in Bows
 50764 | D:14     | Noticed a fire giant
 50764 | D:14     | Noticed a storm dragon
 50765 | D:14     | Found a runed translucent door.
 50962 | D:15     | Entered Level 15 of the Dungeon
 50986 | D:15     | Reached skill level 19 in Bows
 51409 | D:15     | Found a gate leading to a gauntlet.
 51485 | Gauntlet | Entered a Gauntlet
 51485 | Gauntlet | Found a transporter.
 51485 | Gauntlet | Found a transporter.
 51485 | Gauntlet | Found a transporter.
 51486 | Gauntlet | Found a transporter.
 51487 | Gauntlet | Found a transporter.
 51490 | Gauntlet | Found a transporter.
 51504 | Gauntlet | Found a transporter.
 51505 | Gauntlet | Found a transporter.
 51506 | Gauntlet | Found a transporter.
 51507 | Gauntlet | Found a transporter.
 51519 | Gauntlet | Found a transporter.
 51519 | Gauntlet | Found a transporter.
 51696 | Gauntlet | Received a gift from Okawaru
 51697 | Gauntlet | Got a dazzling chain mail {god gift}
 51707 | Gauntlet | Identified the +2 chain mail of Feasting {Harm} (Okawaru
                  | gifted it to you in a Gauntlet)
 51856 | Gauntlet | HP: 31/125 [death scarab (18)]
 51858 | Gauntlet | HP: 15/125 [death scarab (17)]
 52389 | Gauntlet | Identified the +2 plate armour of Dishonour {rC+ rN+}
 52902 | D:15     | Reached skill level 20 in Bows
 53045 | D:15     | Found a staircase to the Depths.
 53070 | D:15     | Reached skill level 5 in Dodging
 53070 | D:15     | Reached XP level 15. HP: 92/132 MP: 21/21
 53078 | D:15     | HP: 19/132 [ettin skeleton (25)]
 53465 | D:15     | Reached skill level 12 in Fighting
 53502 | D:15     | HP: 32/132 [two-headed ogre/cursed +0 giant spiked club
                  | (9)]
 54313 | Spider:1 | Entered Level 1 of the Spider Nest
 54322 | Lair:2   | Received a gift from Okawaru
 54775 | Spider:1 | Reached skill level 8 in Armour
 56011 | Spider:2 | Noticed Nikola
 56023 | Spider:2 | Received a gift from Okawaru
 56046 | Spider:2 | Killed Nikola
 56134 | Spider:2 | Reached skill level 13 in Fighting
 56692 | Spider:2 | Reached skill level 6 in Dodging
 56779 | Spider:2 | Noticed Arachne
 57851 | Spider:2 | Received a gift from Okawaru
 57875 | Spider:2 | Reached skill level 9 in Armour
 58245 | Spider:2 | Noticed Arachne
 58245 | Spider:2 | Arachne changed into Arachne the iron dragon
 58277 | Spider:2 | Killed Arachne the iron dragon
 58277 | Spider:2 | Received a gift from Okawaru
 59713 | Spider:3 | Received a gift from Okawaru
 59851 | Spider:2 | HP: 34/136 [demonic crawler (4)]
 59857 | Spider:2 | HP: 32/136 [poisoned by an emperor scorpion]
 59863 | Spider:2 | HP: 31/136 [poisoned by an emperor scorpion]
 59871 | Spider:2 | HP: 31/136 [poisoned by an emperor scorpion]
 59877 | Spider:2 | HP: 32/136 [poisoned by an emperor scorpion]
 59883 | Spider:2 | HP: 32/136 [poisoned by an emperor scorpion]
 59888 | Spider:2 | HP: 32/136 [poisoned by an emperor scorpion]
 60431 | Spider:3 | Noticed an entropy weaver
 60444 | Spider:3 | Killed an entropy weaver
 60444 | Spider:3 | Reached XP level 16. HP: 114/144 MP: 22/22
 60996 | Spider:3 | Noticed an entropy weaver
 61003 | Spider:3 | Killed an entropy weaver
 61003 | Spider:3 | Received a gift from Okawaru
 61145 | Spider:3 | Noticed an entropy weaver
 61579 | Spider:1 | HP: 36/145 [poisoned by a redback]
 61585 | Spider:1 | HP: 33/145 [poisoned by a redback]
 61590 | Spider:1 | HP: 32/145 [poisoned by a redback]
 61596 | Spider:1 | HP: 31/145 [poisoned by a redback]
 61604 | Spider:1 | HP: 30/145 [poisoned by a redback]
 61612 | Spider:1 | HP: 31/145 [poisoned by a redback]
 62044 | Spider:2 | HP: 36/145 [poisoned by an emperor scorpion]
 62049 | Spider:2 | HP: 31/145 [poisoned by an emperor scorpion]
 62055 | Spider:2 | HP: 28/145 [poisoned by an emperor scorpion]
 62061 | Spider:2 | HP: 26/145 [poisoned by an emperor scorpion]
 62066 | Spider:2 | HP: 25/145 [poisoned by an emperor scorpion]
 62073 | Spider:2 | HP: 26/145 [poisoned by an emperor scorpion]
 62081 | Spider:2 | HP: 26/145 [poisoned by an emperor scorpion]
 62578 | Spider:3 | Killed an entropy weaver
 62897 | Spider:4 | Entered Level 4 of the Spider Nest
 62921 | Spider:4 | Reached skill level 14 in Fighting
 63140 | Spider:4 | Found a frozen archway.
 63297 | Spider:4 | Reached skill level 10 in Armour
 63709 | Spider:4 | Reached skill level 7 in Dodging
 64022 | Spider:4 | Noticed an entropy weaver
 64054 | Spider:4 | Killed an entropy weaver
 64054 | Spider:4 | Received a gift from Okawaru
 64528 | Spider:4 | Noticed an entropy weaver
 64545 | Spider:4 | Killed an entropy weaver
 65188 | Spider:4 | Received a gift from Okawaru
 65538 | Spider:4 | Received a gift from Okawaru
 66253 | Spider:4 | Paralysed by a hornet for 1 turns
 66499 | Spider:4 | Received a gift from Okawaru
 66647 | Spider:4 | HP: 34/147 [poisoned by an emperor scorpion]
 67060 | Spider:4 | Got a gossamer rune of Zot
 67382 | Elf:1    | Entered Level 1 of the Elven Halls
 67749 | Elf:1    | Reached skill level 7 in Evocations
 68040 | Elf:1    | Reached skill level 15 in Fighting
 68060 | Elf:1    | Reached XP level 17. HP: 114/156 MP: 23/23
 68438 | Elf:1    | Received a gift from Okawaru
 69449 | Elf:1    | Reached skill level 11 in Armour
 69570 | Elf:1    | Found Doqoaqau's Food Emporium.
 69829 | Elf:1    | Noticed a deep elf demonologist
 70064 | Elf:1    | Gained mutation: Your body sometimes deteriorates upon
                  | taking damage. [a neqoxec]
 70169 | Elf:1    | Noticed a Brimstone Fiend
 70268 | Orc:2    | Killed a deep elf demonologist
 70503 | Elf:1    | Received a gift from Okawaru
 71247 | Orc:2    | Received a gift from Okawaru
 71248 | Orc:2    | Got an ichor-stained shortbow {god gift}
 71248 | Orc:2    | Identified the +6 shortbow of Callousness {vorpal, rC+ MR+
                  | Int+3 Dex+3} (Okawaru gifted it to you on level 2 of the
                  | Orcish Mines)
 71506 | Elf:1    | Identified the cursed +1 scythe of the Glowing Augurer
                  | {vorpal, Fragile MR+ Dex+5}
 71914 | Elf:1    | Reached skill level 8 in Dodging
 72690 | Elf:2    | Identified a scroll of acquirement
 72719 | Elf:2    | Found a huge runed translucent gate.
 72719 | Elf:2    | Found a huge runed translucent gate.
 72719 | Elf:2    | Found a huge runed translucent gate.
 72719 | Elf:2    | Found a huge runed translucent gate.
 72719 | Elf:2    | Found a huge runed translucent gate.
 72768 | Elf:2    | Found Nouq's Food Emporium.
 73070 | Elf:2    | Received a gift from Okawaru
 73253 | Elf:2    | Acquired 1450 gold pieces
 73505 | Lair:5   | Reached skill level 8 in Evocations
 73955 | Lair:4   | HP: 38/158 [poison (poison gas)]
 73960 | Lair:4   | HP: 30/158 [poison (poison gas)]
 73965 | Lair:4   | HP: 26/158 [poison (poison gas)]
 73970 | Lair:4   | HP: 23/158 [poison (poison gas)]
 73976 | Lair:4   | HP: 21/158 [poison (poison gas)]
 73982 | Lair:4   | HP: 20/158 [poison (poison gas)]
 73990 | Lair:4   | HP: 21/158 [poison (poison gas)]
 73998 | Lair:4   | HP: 22/158 [poison (poison gas)]
 74611 | Lair:5   | Received a gift from Okawaru
 74612 | Lair:5   | Got a scorched centaur barding {god gift}
 74637 | Lair:5   | Identified the +0 centaur barding of Gourot {+Blink rElec
                  | Str-5} (Okawaru gifted it to you on level 5 of the Lair of
                  | Beasts)
 75361 | Lair:6   | Entered Level 6 of the Lair of Beasts
 75423 | Lair:6   | Reached skill level 16 in Fighting
 75743 | Lair:6   | Found a viscous altar of Jiyva.
 75744 | Lair:6   | Found a staircase to the Slime Pits.
 75896 | Lair:6   | Got an ichor-stained plate armour
 77056 | Lair:6   | Found a runed translucent door.
 77120 | Lair:6   | Reached skill level 12 in Armour
 77404 | Lair:6   | Received a gift from Okawaru
 77566 | Lair:6   | Reached XP level 18. HP: 162/167 MP: 19/24
 77696 | Swamp:1  | Entered Level 1 of the Swamp
 77923 | Swamp:1  | Paralysed by a hornet for 1 turns
 77930 | Swamp:1  | Received a gift from Okawaru
 78590 | Swamp:1  | Received a gift from Okawaru
 79376 | Swamp:1  | Reached skill level 9 in Evocations
 79901 | Swamp:2  | You fall into a shaft and drop 1 floor!
 80397 | Swamp:2  | Identified the +9 plate armour "Ysuor" {*Drain Slay+5} (You
                  | found it on level 6 of the Lair of Beasts)
 80420 | Swamp:2  | Received a gift from Okawaru
 80634 | Swamp:2  | Got a twisted longbow {god gift}
 80635 | Swamp:2  | Identified the +7 longbow of Righteous Anger {freeze, rN+
                  | Int+4} (Okawaru gifted it to you on level 2 of the Swamp)
 81229 | Swamp:2  | Reached skill level 17 in Fighting
 81233 | Swamp:2  | Noticed Roxanne
 82201 | Swamp:4  | Entered Level 4 of the Swamp
 82354 | Swamp:4  | Received a gift from Okawaru
 82501 | Swamp:4  | Got a shimmering shortbow {god gift}
 82502 | Swamp:4  | Identified the +7 shortbow of Somewhere Else {venom, +Blink
                  | rElec MR+++ Int-4} (Okawaru gifted it to you on level 4 of
                  | the Swamp)
 82737 | Swamp:4  | HP: 42/170 [poison (poison gas)]
 82742 | Swamp:4  | HP: 39/170 [poison (poison gas)]
 82747 | Swamp:4  | HP: 36/170 [poison (poison gas)]
 82752 | Swamp:4  | HP: 33/170 [poison (poison gas)]
 82757 | Swamp:4  | HP: 32/170 [poison (poison gas)]
 82762 | Swamp:4  | HP: 32/170 [poison (poison gas)]
 82769 | Swamp:4  | HP: 33/170 [poison (poison gas)]
 82777 | Swamp:4  | HP: 34/170 [poison (poison gas)]
 83154 | Swamp:4  | Reached skill level 13 in Armour
 83639 | Swamp:4  | Received a gift from Okawaru
 84020 | Swamp:4  | Found a blossoming altar of Fedhas.
 84119 | Swamp:4  | Found a basalt altar of Yredelemnul.
 84557 | Swamp:4  | Got a decaying rune of Zot
 84878 | Vaults:1 | Entered Level 1 of the Vaults
 84995 | Vaults:1 | Reached XP level 19. HP: 179/179 MP: 25/25
 85067 | Vaults:1 | Received a gift from Okawaru
 85090 | Vaults:1 | Reached skill level 18 in Fighting
 87132 | Vaults:2 | Reached skill level 14 in Armour
 87258 | Vaults:2 | Found a staircase to the Crypt.
 87258 | Vaults:2 | Found a basalt altar of Yredelemnul.
 87259 | Vaults:2 | Found an ancient bone altar of Kikubaaqudgha.
 87408 | Vaults:2 | Acquired the ring "Kepoiliy" {rElec rPois Str+3}
 87514 | Vaults:2 | Received a gift from Okawaru
 87655 | Vaults:2 | Received a gift from Okawaru
 87656 | Vaults:2 | Got a twisted longbow {god gift}
 87656 | Vaults:2 | Identified the +5 longbow "Brush" {venom, rC++ Int-5}
                  | (Okawaru gifted it to you on level 2 of the Vaults)
 88283 | Vaults:2 | Noticed a lich
 88294 | Vaults:2 | Killed a lich
 88294 | Vaults:2 | Received a gift from Okawaru
 88323 | Vaults:2 | Reached skill level 19 in Fighting
 88371 | Vaults:2 | Received a gift from Okawaru
 88571 | Vaults:2 | Received a gift from Okawaru
 88737 | Vaults:2 | Noticed an entropy weaver
 89022 | Vaults:2 | Killed an entropy weaver
 89439 | Vaults:2 | Reached XP level 20. HP: 179/191 MP: 26/26
 90864 | Vaults:3 | Reached skill level 15 in Armour
 91394 | Vaults:3 | Got a pitted hand axe
 91497 | Vaults:3 | Received a gift from Okawaru
 91856 | Vaults:3 | Reached skill level 20 in Fighting
 92165 | Vaults:3 | Received a gift from Okawaru
 93952 | Vaults:4 | Got a bound pewter ring
 93955 | Vaults:4 | Identified the ring of Lez Gady {+Fly rF+ rC- Int-3 Slay+5}
                  | (You found it on level 4 of the Vaults)
 94000 | Vaults:4 | Received a gift from Okawaru
 94083 | Vaults:4 | Received a gift from Okawaru
 94383 | Vaults:4 | Reached skill level 16 in Armour
 94394 | Vaults:4 | Received a gift from Okawaru
 94441 | Vaults:4 | Reached XP level 21. HP: 131/202 MP: 24/27
 95076 | Vaults:4 | Reached skill level 21 in Fighting
 96198 | Elf:3    | Entered Level 3 of the Elven Halls
 96198 | Elf:3    | Noticed a deep elf sorcerer
 96200 | Elf:3    | Killed a deep elf sorcerer
 96242 | Elf:3    | Noticed a deep elf sorcerer
 96247 | Elf:3    | Killed a deep elf sorcerer
 96282 | Elf:3    | Received a gift from Okawaru
 96712 | Elf:3    | Noticed a deep elf sorcerer
 96720 | Elf:3    | Killed a deep elf sorcerer
 96785 | Elf:3    | Noticed a deep elf demonologist
 96789 | Elf:3    | Killed a deep elf demonologist
 96791 | Elf:3    | Noticed a deep elf sorcerer
 96793 | Elf:3    | Killed a deep elf sorcerer
 96934 | Elf:3    | Noticed a deep elf sorcerer
 97093 | Elf:3    | Killed a deep elf sorcerer
 97163 | Elf:3    | Noticed a deep elf sorcerer
 97175 | Elf:3    | Killed a deep elf sorcerer
 97190 | Elf:3    | Noticed a deep elf demonologist
 97191 | Elf:3    | Noticed a deep elf sorcerer
 97197 | Elf:3    | Killed a deep elf demonologist
 97206 | Elf:3    | Killed a deep elf sorcerer
 97206 | Elf:3    | Noticed a deep elf sorcerer
 97411 | Elf:2    | Killed a deep elf sorcerer
 97567 | Elf:3    | Noticed a deep elf demonologist
 97574 | Elf:3    | Noticed a deep elf sorcerer
 97574 | Elf:3    | Killed a deep elf demonologist
 97578 | Elf:3    | Killed a deep elf sorcerer
 97590 | Elf:3    | Noticed a deep elf demonologist
 97593 | Elf:3    | Killed a deep elf demonologist
 97635 | Elf:3    | Noticed a deep elf sorcerer
 97638 | Elf:3    | Killed a deep elf sorcerer
 97642 | Elf:3    | Noticed a deep elf sorcerer
 97646 | Elf:3    | Killed a deep elf sorcerer
 97839 | Elf:3    | Noticed a deep elf sorcerer
 97845 | Elf:3    | Killed a deep elf sorcerer
 97946 | Elf:3    | Identified the +6 ring mail of Uskayaw's Approval {Dex+10}
                  | (You found it on level 3 of the Elven Halls)
 98096 | Elf:3    | Identified Secret Knowledge, Part One
 98477 | Elf:2    | Received a gift from Okawaru
 98638 | Elf:2    | Reached skill level 17 in Armour
 99250 | Crypt:1  | Entered Level 1 of the Crypt
 99250 | Crypt:1  | Noticed a curse skull
 99272 | Vaults:2 | Killed a curse skull
 99786 | Crypt:1  | Found a transporter.
 99814 | Vaults:2 | Reached skill level 22 in Fighting
100010 | Crypt:1  | Received a gift from Okawaru
100179 | Crypt:1  | Noticed Ettikh's ghost (veteran FoFi)
100198 | Crypt:1  | Noticed Khufu
100205 | Crypt:1  | Noticed a greater mummy
100578 | Crypt:1  | Found a transporter.
100646 | Crypt:1  | Reached XP level 22. HP: 210/214 MP: 28/28
100757 | Crypt:1  | Noticed a lich
101204 | Crypt:1  | Killed Khufu
101956 | Crypt:1  | Found a transporter.
101961 | Crypt:1  | Found a transporter.
102045 | Crypt:1  | Killed a greater mummy
102363 | Crypt:1  | Noticed a curse skull
102393 | Crypt:1  | Killed a curse skull
102439 | Crypt:1  | Found a runed door.
102455 | Crypt:1  | Noticed a deep elf demonologist
102479 | Crypt:1  | Killed a deep elf demonologist
102479 | Crypt:1  | Noticed a deep elf sorcerer
102481 | Crypt:1  | Killed a deep elf sorcerer
102710 | Crypt:1  | Killed a lich
102818 | Crypt:1  | Noticed an ancient lich
102830 | Crypt:1  | Killed an ancient lich
102830 | Crypt:1  | Received a gift from Okawaru
102916 | Crypt:1  | Got a sapphire hand crossbow
102924 | Crypt:1  | Acquired a manual of Translocations
102947 | Crypt:1  | Got a smoking steel ring
102949 | Crypt:1  | Identified the ring of Keaf {*Tele rPois} (You found it on
                  | level 1 of the Crypt)
102953 | Crypt:1  | Got an ancient hunting sling
103047 | Crypt:2  | Noticed a curse skull
103218 | Crypt:2  | Received a gift from Okawaru
103223 | Crypt:2  | Noticed Boris
103323 | Crypt:2  | Noticed a curse skull
103330 | Crypt:1  | Killed a curse skull
103600 | Crypt:2  | Noticed Bai Suzhen
103601 | Crypt:2  | Noticed Margery
103859 | Crypt:2  | Killed Bai Suzhen
103952 | Crypt:2  | Received a gift from Okawaru
104195 | Crypt:2  | Killed Boris
104518 | Crypt:2  | Noticed a curse skull
104519 | Crypt:2  | HP: 50/216 [??? (38)]
104523 | Crypt:2  | HP: 19/216 [??? (12)]
105071 | Crypt:2  | Reached skill level 18 in Armour
105232 | Crypt:2  | Killed Margery
105232 | Crypt:2  | Reached skill level 23 in Fighting
105253 | Crypt:2  | Received a gift from Okawaru
105325 | Crypt:2  | Killed a curse skull
105523 | Crypt:2  | Killed a curse skull
105896 | Crypt:3  | Entered Level 3 of the Crypt
106046 | Crypt:3  | Noticed a lich
106047 | Crypt:3  | Received a gift from Okawaru
106054 | Crypt:3  | Killed a lich
106096 | Crypt:3  | Reached XP level 23. HP: 226/226 MP: 29/29
106099 | Crypt:3  | Received a gift from Okawaru
106137 | Crypt:3  | Noticed a curse skull
106610 | Crypt:2  | Killed a curse skull
107159 | Crypt:3  | Found a staircase to the Tomb.
107380 | Crypt:3  | Received a gift from Okawaru
108543 | Crypt:3  | Received a gift from Okawaru
109063 | Crypt:3  | Identified the Collected Works on Igneous Snow
109133 | Crypt:3  | Found the +7 great mace "Undeadhunter" {disrupt, rN+}
109769 | Crypt:3  | Acquired 420 gold pieces
109773 | Crypt:3  | Got a masterwork plate armour
109774 | Crypt:3  | Identified the +4 plate armour "Nirosm" {rF- MR++ Str+4
                  | Dex+4} (You found it on level 3 of the Crypt)
109793 | Crypt:3  | Identified the +5 scale mail "Sutsen" {rElec rN+ Str+2}
                  | (You found it on level 3 of the Crypt)
109800 | Crypt:3  | Identified the amulet "Udeukuon" {rPois rF+ rN+ Regen+}
                  | (You found it on level 3 of the Crypt)
109801 | Crypt:3  | Identified the ring "Alep" {rN+ Slay+2} (You found it on
                  | level 3 of the Crypt)
111398 | D:13     | You paid a toll of a +8 demon trident to enter a treasure
                  | trove
111399 | Trove    | Entered a treasure trove
111406 | Trove    | Identified Sif Muna's Grimoire of Enchantment and Darkness
111409 | Trove    | Identified Sif Muna's Collected Works on Moulding and
                  | Stolen Souls
111412 | Trove    | Identified Sif Muna's Disquisition on Aerial Stones
111563 | D:14     | Reached skill level 2 in Throwing
111642 | D:14     | Reached skill level 3 in Throwing
112019 | Depths:1 | Entered Level 1 of the Depths
112025 | Depths:1 | Paralysed by a floating eye for 3 turns
112180 | Depths:1 | Found a gateway to Hell.
112223 | Depths:1 | Received a gift from Okawaru
112235 | Depths:1 | Reached skill level 4 in Throwing
112254 | Depths:1 | Reached skill level 5 in Throwing
112278 | Depths:1 | Reached skill level 6 in Throwing
112290 | Depths:1 | Reached skill level 7 in Throwing
112343 | Depths:1 | Reached skill level 8 in Throwing
112408 | Depths:1 | Reached skill level 9 in Throwing
112555 | Depths:1 | Reached skill level 10 in Throwing
112707 | Depths:1 | You fall into a shaft and drop 1 floor!
112707 | Depths:2 | Found a snail-covered altar of Cheibriados.
112818 | Depths:1 | Reached skill level 11 in Throwing
113004 | Depths:1 | Found a gateway to a ziggurat.
113394 | Depths:2 | Received a gift from Okawaru
113395 | Depths:2 | Got a masterwork triple crossbow {god gift}
113396 | Depths:2 | Identified the +6 triple crossbow of Yjash {flame, Str+4}
                  | (Okawaru gifted it to you on level 2 of the Depths)
113408 | Depths:2 | Got a transparent emerald amulet
113693 | Depths:2 | Reached skill level 12 in Throwing
113771 | Depths:2 | Gained mutation: You have a somewhat thin skeletal
                  | structure. (Dex +2, Stealth) [a shining eye]
113773 | Depths:2 | Reached skill level 13 in Throwing
113787 | Depths:2 | Identified the amulet "Kuafiliq" {rN+ Regen+ Str+5} (You
                  | found it on level 2 of the Depths)
114339 | Depths:2 | Reached skill level 14 in Throwing
114461 | Depths:2 | Reached XP level 24. HP: 236/236 MP: 29/29
114465 | Depths:2 | Received a gift from Okawaru
114467 | Depths:2 | Got an encrusted hunting sling {god gift}
114511 | Depths:2 | Noticed Saint Roka
114559 | Depths:2 | Killed Saint Roka
114846 | Depths:2 | Reached skill level 15 in Throwing
115211 | Depths:3 | Noticed a lich
115333 | Depths:3 | Killed a lich
115402 | Depths:3 | Received a gift from Okawaru
115621 | Depths:3 | Found a one-way gate to the infinite horrors of the Abyss.
115676 | Depths:3 | Found a magical portal.
115700 | WizLab   | Entered The Chambers of the Cloud Mage
115770 | WizLab   | HP: 57/235 [wind drake/the air (12)]
115773 | WizLab   | HP: 20/235 [spark wasp (14)]
115801 | WizLab   | Reached skill level 19 in Armour
116328 | WizLab   | Reached skill level 24 in Fighting
116498 | WizLab   | Paralysed by you for 7 turns
116994 | WizLab   | Got a wavering ruby amulet
116995 | WizLab   | Identified the amulet of Gugawav {Inacc Dex+4} (You found
                  | it in a wizard's laboratory)
117007 | WizLab   | Identified the Reference Book on the Birds
117196 | Depths:3 | Got a jewelled tower shield
117350 | Depths:3 | Identified the +7 tower shield of the Moon {MR+ Dex+3 SInv
                  | Stlth-} (You found it on level 3 of the Depths)
117672 | Depths:3 | Reached skill level 10 in Invocations
117977 | Depths:3 | Got a faintly glowing buckler {god gift}
117978 | Depths:3 | Found a one-way gate leading to the halls of Pandemonium.
118049 | Depths:3 | Noticed a lich
118083 | Depths:3 | Killed a lich
118094 | Depths:3 | Reached skill level 10 in Evocations
118508 | Depths:4 | Noticed a lich
118513 | Depths:4 | Killed a lich
118581 | Depths:4 | Reached skill level 9 in Dodging
118790 | Depths:4 | Received a gift from Okawaru
118936 | Depths:4 | Identified the ring "Nam Awi" {rN+ SInv} (You found it on
                  | level 4 of the Depths)
118966 | Depths:4 | Noticed Sojobo
118976 | Depths:4 | Killed Sojobo
118976 | Depths:4 | Received a gift from Okawaru
119507 | Depths:4 | Identified the ring "Iroziod" {SInv Stlth-} (You found it
                  | on level 4 of the Depths)
119523 | Depths:4 | Reached skill level 11 in Invocations
119837 | Depths:4 | Found Coxu's Jewellery Shop.
119887 | Depths:4 | Reached XP level 25. HP: 245/247 MP: 31/31
119946 | Depths:4 | Received a gift from Okawaru
119957 | Depths:4 | Got a polished shortbow {god gift}
120060 | Depths:4 | Noticed a deep elf demonologist
120064 | Depths:4 | Killed a deep elf demonologist
120127 | Depths:4 | Identified the ring of Tyop Dad {rElec MR++ MP+9 AC+4
                  | Dex-5}
120329 | Depths:4 | Reached skill level 11 in Evocations
120404 | Depths:4 | Received a gift from Okawaru
120945 | Depths:5 | Entered Level 5 of the Depths
121003 | Depths:5 | Received a gift from Okawaru
121064 | Depths:5 | Reached skill level 10 in Dodging
121318 | Depths:5 | Noticed Boris
121333 | Depths:5 | Killed Boris
121333 | Depths:5 | Received a gift from Okawaru
121522 | Depths:5 | Identified the +9 rapier of the Many Stars {vorpal, rC+
                  | Int+3 Dex+4}
121732 | Depths:5 | Found a gate to the Realm of Zot.
121747 | Depths:5 | Received a gift from Okawaru
122072 | Depths:5 | Received a gift from Okawaru
123676 | Vaults:5 | Entered Level 5 of the Vaults
123677 | Vaults:5 | Noticed an ancient lich
123687 | Vaults:5 | Reached skill level 12 in Evocations
123739 | Vaults:5 | Noticed a deep elf demonologist
123742 | Vaults:5 | Killed a deep elf demonologist
123915 | Vaults:5 | Identified the +5 war axe of Puellaz {venom, Str+4}
124033 | Vaults:5 | Received a gift from Okawaru
124042 | Vaults:5 | Identified the ring "Bauhi" {*Slow rF+++ MR+ Str-3 SInv}
124268 | Vaults:5 | Identified the +0 ring mail of Syndicalism {Stlth+}
                  | (Okawaru gifted it to you on level 5 of the Vaults)
124317 | Vaults:5 | Reached skill level 25 in Fighting
124317 | Vaults:5 | Reached XP level 26. HP: 258/258 MP: 32/32
124432 | Vaults:5 | Reached skill level 11 in Dodging
124823 | Vaults:5 | Reached skill level 20 in Armour
124894 | Vaults:5 | Identified the +4 spear "Dyebarru" {holy, rElec rN+}
125065 | Vaults:5 | Received a gift from Okawaru
125074 | Vaults:5 | Reached skill level 13 in Evocations
125127 | Vaults:5 | Identified the +6 chain mail of the Iron City of Dis {rElec
                  | rPois Slay+2}
125373 | Vaults:5 | Noticed a deep elf sorcerer
125386 | Vaults:5 | Killed a deep elf sorcerer
125434 | Vaults:5 | Received a gift from Okawaru
125587 | Vaults:5 | Killed an ancient lich
125737 | Vaults:5 | Identified the cursed +0 great sword of Qogiajuopt {freeze,
                  | +Fly rElec rPois MP-9}
125824 | Vaults:5 | Received a gift from Okawaru
126620 | Vaults:5 | Got a silver rune of Zot
127769 | D:14     | Learned a level 4 spell: Iskenderun's Mystic Blast
127907 | Zot:1    | Entered Level 1 of the Realm of Zot
127929 | Zot:1    | Noticed an orb of fire
127933 | Zot:1    | Gained mutation: Scrolls take you a little longer to read.
                  | [an orb of fire]
127940 | Zot:1    | Killed an orb of fire
127940 | Zot:1    | Reached skill level 12 in Dodging
128182 | Zot:2    | Noticed a curse toe
128311 | Zot:1    | Received a gift from Okawaru
128828 | Zot:1    | Received a gift from Okawaru
128839 | Zot:1    | Reached skill level 14 in Evocations
129520 | Zot:1    | Reached XP level 27. HP: 177/268 MP: 33/33
129732 | Zot:1    | Killed a curse toe
129732 | Zot:1    | Received a gift from Okawaru
130465 | Zot:1    | Received a gift from Okawaru
130861 | Zot:4    | Received a gift from Okawaru
131195 | Zot:5    | Entered Level 5 of the Realm of Zot
131385 | Zot:5    | Reached skill level 26 in Fighting
131547 | Zot:5    | Noticed an ancient lich
131547 | Zot:5    | Noticed an orb of fire
131568 | Zot:5    | Gained mutation: You are robust. (+10% HP) [mutagenic glow]
131581 | Zot:5    | HP: 67/295 [Killer Klown/klown pie (39)]
131588 | Zot:5    | HP: 68/295 [poisoned by a Killer Klown]
131595 | Zot:5    | HP: 47/295 [poisoned by a Killer Klown]
131602 | Zot:5    | HP: 52/295 [poisoned by a Killer Klown]
131622 | Zot:5    | Gained mutation: You are occasionally teleported next to
                  | monsters. [mutagenic glow]
131721 | Zot:5    | Gained mutation: You are clumsy. (Dex -2) [an orb of fire]
131727 | Zot:5    | HP: 70/295 [electric golem/bolt of lightning (4)]
131729 | Zot:5    | Noticed a Tzitzimitl
131730 | Zot:5    | HP: 27/295 [komodo dragon[a red draconian stormcaller]
                  | (14)]
131730 | Zot:5    | Gained mutation: Your body often deteriorates upon taking
                  | damage. [an orb of fire]
131730 | Zot:5    | HP: 8/295 [Orb Guardian (16)]
131731 | Zot:5    | Mangled by an Orb Guardian

Table legend:
 A = Turns spent in this place as a percentage of turns spent in the entire game.
 B = Non-inter-level travel turns spent in this place as a percentage of non-inter-level travel turns spent in the entire game.
 C = Inter-level travel turns spent in this place as a percentage of turns spent in this place.
 D = Turns resting spent in this place as a percentage of non-inter-level travel turns spent in this place.
 E = Turns spent auto-exploring this place as a percentage of non-inter-level travel turns spent in this place.
 F = Non-inter-level travel turns spent in this place divided by the number of levels of this place that you've seen.
                   A       B       C       D       E      F
               +-------+-------+-------+-------+-------+----------------------
         Total | 100.0 | 100.0 |   6.5 |   9.2 |  69.8 | 2160.5
       Dungeon |  30.0 |  30.1 |   6.0 |   6.0 |  70.2 | 2474.6
        Temple |   0.1 |   0.1 |   8.9 |   0.0 |  97.7 | 173.0
          Lair |  10.7 |  10.2 |  11.0 |   7.9 |  75.8 | 2087.0
         Swamp |   5.1 |   5.2 |   4.4 |  11.9 |  69.9 | 1590.8
   Spider Nest |   9.8 |  10.2 |   2.8 |   8.2 |  75.5 | 3131.8
  Orcish Mines |   5.8 |   5.8 |   6.7 |  18.3 |  58.2 | 3567.5
   Elven Halls |   5.6 |   5.8 |   4.2 |   8.2 |  71.2 | 2363.0
        Vaults |  12.2 |  11.5 |  11.6 |   3.5 |  74.8 | 2844.2
         Crypt |   7.9 |   7.9 |   6.6 |   6.5 |  73.9 | 3251.0
        Depths |   7.8 |   7.9 |   4.3 |   4.7 |  74.4 | 1955.0
           Zot |   2.8 |   2.8 |   4.5 |  63.5 |   7.1 | 700.2
         Trove |   0.1 |   0.1 |   0.0 |   0.0 |  71.8 |  71.0
       Ossuary |   0.3 |   0.3 |   0.0 |   0.0 |  67.1 | 356.0
        Wizlab |   1.0 |   1.1 |   0.0 |   7.6 |  71.3 | 1378.0
      Gauntlet |   0.9 |   0.9 |   0.0 |  40.5 |  40.5 | 1164.0
               +-------+-------+-------+-------+-------+----------------------

Table legend:
 A = Kills in this place as a percentage of kills in entire the game.
 B = Kills by you in this place as a percentage of kills by you in the entire game.
 C = Kills by friends in this place as a percentage of kills by friends in the entire game.
 D = Other kills in this place as a percentage of other kills in the entire game.
 E = Experience gained in this place as a percentage of experience gained in the entire game.
 F = Experience gained in this place divided by the number of levels of this place that you have seen.
                   A       B       C       D       E      F
               +-------+-------+-------+-------+-------+----------------------
         Total | 100.0 | 100.0 | 100.0 | 100.0 | 100.0 | 27988.8
       Dungeon |  20.8 |  20.8 |   0.0 |  33.3 |   5.8 | 6203.4
          Lair |   7.0 |   7.0 |   0.0 |   0.0 |   2.8 | 7552.0
         Swamp |   6.7 |   6.8 |   0.0 |   0.0 |   5.3 | 20961.5
   Spider Nest |   8.6 |   8.5 |  60.0 |  16.7 |   5.6 | 22395.5
  Orcish Mines |   3.5 |   3.5 |   0.0 |  16.7 |   1.2 | 9238.5
   Elven Halls |   5.9 |   5.9 |   0.0 |   0.0 |   8.3 | 43905.0
        Vaults |  19.1 |  19.2 |   0.0 |   0.0 |  26.4 | 84179.8
         Crypt |   8.7 |   8.8 |   0.0 |   0.0 |  13.1 | 69765.0
        Depths |  14.2 |  14.2 |   0.0 |  16.7 |  20.8 | 66429.8
           Zot |   3.4 |   3.4 |  40.0 |   0.0 |   9.1 | 29135.6
       Ossuary |   0.4 |   0.4 |   0.0 |   0.0 |   0.0 |  64.0
        Wizlab |   1.3 |   1.2 |   0.0 |  16.7 |   1.4 | 22187.0
      Gauntlet |   0.3 |   0.3 |   0.0 |   0.0 |   0.2 | 3108.0
               +-------+-------+-------+-------+-------+----------------------

Action                   |  1- 3 |  4- 6 |  7- 9 | 10-12 | 13-15 | 16-18 | 19-21 | 22-24 | 25-27 || total
-------------------------+-------+-------+-------+-------+-------+-------+-------+-------+-------++-------
Melee: Unarmed           |    23 |       |     7 |       |       |       |       |       |       ||    30
       Whip              |    33 |       |    44 |       |       |       |       |       |       ||    77
       Kick              |     4 |       |    10 |     1 |     2 |       |       |       |       ||    17
       Shortbow          |       |       |     1 |       |       |       |       |       |       ||     1
       Scimitar          |       |       |       |     6 |     5 |       |       |       |       ||    11
       Longbow           |       |       |       |       |       |       |       |       |     1 ||     1
 Fire: Hunting sling     |   166 |   427 |   457 |   161 |       |       |       |       |       ||  1211
       Shortbow          |       |       |   224 |  1878 |  2262 |  2235 |       |       |       ||  6599
       Fustibalus        |       |       |       |    83 |    70 |       |       |       |       ||   153
       Longbow           |       |       |       |       |   342 |   518 |  1912 |  2151 |  1778 ||  6701
Throw: Stone             |     3 |       |    25 |   154 |       |       |       |       |       ||   182
       Javelin           |       |     1 |     4 |       |    25 |    14 |       |       |       ||    44
       Dart              |       |       |    23 |   150 |    39 |       |       |       |       ||   212
       Boomerang         |       |       |       |   158 |    66 |       |       |       |       ||   224
       Throwing net      |       |       |       |     2 |       |       |       |       |       ||     2
 Cast: Magic Dart        |    11 |       |       |       |       |       |       |       |       ||    11
Invok: Heroism           |       |       |       |     5 |       |     1 |       |       |       ||     6
       Finesse           |       |       |       |     3 |     4 |    13 |    15 |    29 |    13 ||    77
 Abil: Evoke Blink       |       |       |       |       |       |     5 |       |       |       ||     5
Evoke: Wand              |       |       |    10 |     7 |    33 |    13 |     4 |    15 |     2 ||    84
       Phial of floods   |       |       |       |       |     4 |     4 |     1 |     2 |     1 ||    12
       Phantom mirror    |       |       |       |       |     1 |       |       |       |       ||     1
       Tin of tremorston |       |       |       |       |       |       |       |     5 |     2 ||     7
       Box of beasts     |       |       |       |       |       |       |       |       |     1 ||     1
  Use: Scroll            |     2 |       |     4 |    11 |    13 |    13 |     3 |    25 |    20 ||    91
       Potion            |       |       |     3 |     5 |     4 |     6 |       |     5 |    15 ||    38
 Stab: Confused          |       |       |     1 |       |       |       |       |       |       ||     1
  Eat: Chunk             |     4 |    10 |    10 |    24 |    42 |    32 |    31 |    14 |    14 ||   181
       Ration            |       |     1 |     2 |     8 |     8 |    10 |     2 |    10 |     5 ||    46
Armor: Robe              |    38 |       |       |       |       |       |       |       |       ||    38
       Leather armour    |    10 |    57 |       |       |       |       |       |       |       ||    67
       Ring mail         |       |    15 |       |       |   368 |   411 |       |       |       ||   794
       Chain mail        |       |    31 |   311 |    55 |       |       |       |       |       ||   397
       Plate armour      |       |       |       |   858 |   602 |   214 |   446 |   606 |   493 ||  3219
       Swamp dragon scal |       |       |       |       |       |     9 |       |       |       ||     9
Dodge: Dodged            |    72 |    73 |    57 |    84 |   221 |   454 |   139 |   155 |   249 ||  1504

Vanquished Creatures
  Khufu (Crypt:1)
  2 ancient liches
  An orb of fire (Zot:1)
  A greater mummy (Crypt:1)
  Bai Suzhen (Crypt:2)
  Sojobo (Depths:4)
  Boris (twice) (Crypt:2 Depths:5)
  Margery (Crypt:2)
  Saint Roka (Depths:2)
  10 golden dragons
  Nikola (Spider:2)
  A curse toe (Zot:1)
  6 liches
  A Cloud Mage (WizLab)
  6 tentacled monstrosities
  6 titans
  2 deep elf blademasters
  2 quicksilver dragons (Zot:3)
  7 death cobs
  8 sphinxes
  3 ancient champions
  13 storm dragons
  A shadow dragon (shapeshifter) (Vaults:5)
  3 draconian monks
  6 shadow dragons
  4 thorn hunters
  3 draconian knights
  9 fire giants
  9 tengu reavers
  11 frost giants
  6 ghost moths
  8 revenants
  14 deep elf sorcerers
  17 vault wardens
  4 iron dragons
  4 emperor scorpions
  3 orc warlords
  A draconian scorcher (Zot:1)
  6 curse skulls
  3 deep elf elementalists
  3 spriggan defenders
  6 draconian shifters
  10 ghouls
  3 draconian stormcallers
  4 draconian annihilators
  21 ironheart preservers
  2 hydra skeletons (Swamp:4)
  17 very ugly things
  A juggernaut skeleton (D:15)
  4 war gargoyles
  9 green draconians
  6 entropy weavers
  23 stone giants
  8 deep elf demonologists
  4 vampire knights
  A black draconian (Zot:2)
  12 yellow draconians
  11 deep elf annihilators
  Azrael (D:13)
  A minotaur (Gauntlet)
  2 lorocyprocas
  5 white draconians
  A spark wasp (shapeshifter) (Vaults:5)
  7 spark wasps
  18 ettins
  7 purple draconians
  9 red draconians
  A spectral titan (Crypt:3)
  4 blizzard demons (WizLab)
  12 deep elf death magi
  A large abomination (Vaults:2)
  10 eidola
  A fire dragon (shapeshifter) (Vaults:5)
  2 spectral quicksilver dragons (Crypt:3)
  A merfolk impaler (Depths:1)
  A crystal guardian (Vaults:2)
  8 jiangshi
  15 yaktaur captains
  9 ice dragons
  12 deep elf high priests
  7 great orbs of eyes
  7 fire dragons
  17 ogre magi
  5 rakshasas
  5 ghost crabs
  Fannar (D:11)
  45 vault guards
  13 hydras
  6 spriggan air magi
  5 shambling mangroves
  5 death knights
  15 alligators
  A catoblepas (Lair:4)
  10 centaur warriors
  A merfolk aquamancer (Crypt:1)
  Erica (D:8)
  A two-headed ogre (shapeshifter) (Elf:3)
  A spectral fire giant (Crypt:3)
  22 dancing weapons
  3 hell hogs (Depths:5)
  46 two-headed ogres
  6 tengu warriors
  8 deep troll shamans
  11 deep troll earth magi
  A titan zombie (Crypt:1)
  9 vampire magi
  4 spectral storm dragons (Crypt:3)
  A queen ant (Spider:4)
  7 orc high priests
  Urug (D:13)
  6 spriggan berserkers
  A spectral dire elephant (Crypt:3)
  2 shock serpents (WizLab)
  A shock serpent (shapeshifter) (Vaults:4)
  A sun demon (Depths:5)
  24 deep elf knights
  10 soul eaters
  A spectral catoblepas (Crypt:3)
  5 shadow wraiths
  A sea snake (Orc:2)
  A titan skeleton (Vaults:4)
  5 iron trolls
  A storm dragon skeleton (Vaults:3)
  25 skeletal warriors
  4 glowing orange brains
  6 hell knights
  A spectral ghost moth (Crypt:3)
  2 unseen horrors (shapeshifter)
  14 flayed ghosts
  A sixfirhy (Gauntlet)
  A quicksilver dragon simulacrum (Depths:2)
  26 deep trolls
  3 death drakes (WizLab)
  A gelid demonspawn (Depths:5)
  A glowing orange brain (shapeshifter) (Vaults:5)
  4 spriggan druids
  2 spectral hydras
  2 death drakes (shapeshifter)
  12 swamp dragons
  8 unseen horrors
  A spectral anaconda (Crypt:3)
  22 deep elf archers
  3 lindwurms
  12 orc knights
  5 wizards
  30 ironbrand convokers
  13 orb spiders
  9 phantasmal warriors
  11 necromancers
  A spectral ettin (Crypt:3)
  4 harpies (Vaults:3)
  11 orc sorcerers
  38 ugly things
  3 oklob plants (Swamp:4)
  6 cyclopes
  A shining eye (shapeshifter) (Depths:2)
  81 deep elf magi
  A cyclops (shapeshifter) (Vaults:3)
  33 wolf spiders
  2 manticores
  A spectral ice dragon (Crypt:3)
  3 fire giant skeletons
  An elephant (shapeshifter) (Depths:5)
  A sphinx skeleton (Crypt:1)
  13 moths of wrath
  2 fire giant zombies
  4 elephants (Lair:6)
  4 centaur zombies
  2 spectral shock serpents (Crypt:3)
  A shadow dragon skeleton (Crypt:1)
  A frost giant skeleton (Crypt:1)
  5 black mambas
  A human skeleton (Vaults:4)
  2 rust devils
  13 vault sentinels
  A guardian serpent (shapeshifter) (Vaults:3)
  4 apocalypse crabs (WizLab)
  A water nymph (shapeshifter) (Vaults:5)
  A smoke demon (Depths:3)
  A grey draconian zombie (Crypt:2)
  A gargoyle (D:14)
  2 yaktaur zombies
  An emperor scorpion zombie (Crypt:2)
  5 torpor snails (Lair:6)
  A rime drake (Lair:3)
  12 spiny frogs
  A minotaur zombie (Gauntlet)
  3 kobold demonologists
  58 yaktaurs
  10 komodo dragons
  A swamp worm zombie (Crypt:3)
  2 yaktaurs (shapeshifter)
  8 demonic crawlers
  27 freezing wraiths
  A redback zombie (D:15)
  A spriggan skeleton (Depths:2)
  2 hellwings (Depths:3)
  A red draconian skeleton (Crypt:2)
  A harpy zombie (D:15)
  An ice devil (Depths:1)
  2 small abominations (Elf:3)
  A jumping spider (shapeshifter) (Vaults:2)
  A yellow draconian skeleton (Crypt:2)
  3 meliai
  A yaktaur skeleton (D:15)
  4 tengu conjurers
  A silent spectre (Crypt:1)
  A grey draconian skeleton (Crypt:2)
  A red devil (Depths:2)
  33 hornets
  2 death drake zombies
  9 polar bears (Lair:6)
  A queen bee (shapeshifter) (Depths:4)
  5 hydra zombies
  17 jumping spiders
  A queen bee (Spider:2)
  A spectral harpy (Crypt:3)
  9 trolls
  12 tyrant leeches
  A wind drake (shapeshifter) (Vaults:3)
  3 wind drakes (WizLab)
  An ice dragon zombie (Crypt:1)
  Prince Ribbit (D:7)
  12 hippogriffs
  A fire giant simulacrum (Vaults:3)
  2 dream sheep (D:10)
  12 blink frogs
  An iron dragon simulacrum (Depths:2)
  A meliai zombie (D:11)
  4 raiju (Lair:6)
  20 bog bodies
  A spectral black mamba (Gauntlet)
  A frost giant simulacrum (Crypt:3)
  76 slime creatures
  An ettin zombie (Vaults:3)
  A snapping turtle (shapeshifter) (Depths:3)
  4 flying skulls
  An ettin skeleton (D:15)
  14 air elementals
  A stone giant simulacrum (Depths:2)
  A guardian serpent skeleton (Crypt:1)
  8 spriggans
  4 shadows
  A tarantella (shapeshifter) (D:13)
  61 redbacks
  27 yaks
  10 humans
  27 tarantellas
  3 wyverns
  7 water elementals
  A yak (shapeshifter) (Vaults:1)
  10 wraiths
  A dire elephant simulacrum (Crypt:3)
  2 basilisks (Lair:6)
  2 fire bats (Gauntlet)
  A chaos spawn (Depths:3)
  7 fire elementals
  2 hungry ghosts
  26 vampire mosquitoes
  2 human simulacra
  17 wargs
  A merfolk zombie (Crypt:1)
  A two-headed ogre zombie (D:12)
  6 insubstantial wisps
  22 swamp worms
  19 soldier ants
  2 spectral spiny frogs (Crypt:3)
  7 acid dragons
  An orb spider zombie (Crypt:3)
  A spectral snapping turtle (Crypt:3)
  5 hydra simulacra (Swamp:4)
  4 floating eyes
  14 water moccasins
  23 hell hounds
  6 porcupines
  A two-headed ogre skeleton (Crypt:2)
  43 orc warriors
  8 swamp drakes
  3 ice beasts
  3 sky beasts
  A fire dragon simulacrum (Crypt:3)
  2 human zombies
  2 swamp dragon zombies (Swamp:4)
  2 eyes of draining
  2 phantoms
  14 black bears
  A sky beast (shapeshifter) (Elf:3)
  47 ogres
  A black bear (shapeshifter) (Depths:4)
  A dream sheep zombie (Crypt:3)
  A lindwurm zombie (Crypt:2)
  12 necrophages
  16 wolves
  A blink frog skeleton (Crypt:3)
  A black mamba simulacrum (Crypt:3)
  An elephant zombie (Crypt:3)
  A tengu (shapeshifter) (Vaults:5)
  A torpor snail zombie (Crypt:1)
  17 centaurs
  13 crocodiles
  7 big kobolds
  11 bullfrogs
  2 earth elementals
  A gnoll sergeant (D:9)
  A wyvern zombie (D:10)
  A raiju zombie (Crypt:3)
  3 troll zombies (D:12)
  5 scorpions
  26 killer bees
  8 wights
  8 howler monkeys
  2 electric eels (Lair:4)
  4 bullfrog zombies
  5 crimson imps
  3 quasits
  3 jellies
  7 centaur skeletons
  11 hounds
  31 orc wizards
  4 bullfrog skeletons
  17 orc priests
  5 iguanas
  31 worker ants
  2 acid dragon zombies (Crypt:2)
  4 ogre zombies (D:12)
  2 hound zombies
  A hound skeleton (D:11)
  6 mummies
  A howler monkey skeleton (D:6)
  15 adders
  8 gnolls
  A steam dragon zombie (Crypt:1)
  3 shadow imps
  2 ufetubi (Gauntlet)
  An ooze (D:4)
  An adder skeleton (D:6)
  5 worms
  A barachi zombie (Crypt:1)
  4 dart slugs
  5 leopard geckos
  114 orcs
  15 bats
  7 giant cockroaches
  8 goblins
  8 hobgoblins
  7 jackals
  4 quokkas
  A river rat zombie (Crypt:1)
  A ball python (D:1)
  6 frilled lizards
  A giant cockroach zombie (Crypt:2)
  A gnoll zombie (Ossuary)
  A goblin skeleton (D:12)
  2 goblin zombies (D:12)
  5 hobgoblin skeletons (D:12)
  4 hobgoblin zombies
  26 kobolds
  A kobold zombie (Crypt:3)
  4 orc skeletons (D:12)
  16 orc zombies
  2 quokka skeletons (D:6)
  A quokka zombie (D:6)
  5 rats
  5 crawling corpses
  A fungus (Lair:4)
  3 plants
2685 creatures vanquished.

Vanquished Creatures (collateral kills)
  A wolf spider (Spider:2)
  An orb spider (Spider:2)
  2 moths of wrath (Zot:5)
  A tarantella (Spider:2)
5 creatures vanquished.

Vanquished Creatures (others)
  An ettin (Depths:5)
  2 wolf spiders (Spider:2)
  An air elemental (WizLab)
  A human (Crypt:1)
  A howler monkey (D:13)
  An orc priest (Orc:2)
  3 orc wizards
  An orc (Orc:2)
  5 fungi
  53 plants
69 creatures vanquished.

Grand Total: 2759 creatures vanquished You could see an orb of fire, 4 Killer Klowns, an electric golem, a purple draconian monk (berserk), a golden dragon, an ancient lich, a Tzitzimitl (summoned), a black draconian, a yellow draconian, 2 draconians, a red draconian stormcaller, 4 Orb Guardians, a death drake (summoned), a lindwurm (summoned), 2 moths of wrath, a komodo dragon (summoned, berserk) and a swamp drake (summoned).

Levels and vault maps discovered:
D:1:      tarquinn_simple_flora_water_a, layout_rooms, minmay_indecisive_spiral
D:2:      layout_loops_corners, nicolae_dithmenos_through_a_glass_darkly
D:3:      layout_basic, makhleb_blood_cavern_becter, kennysheep_potato
D:4:      layout_rooms, first_ration
D:5:      layout_loops_ring, gup_ossuary_entry_pyramid,
          roderic_nine_men_s_morris, hangedman_decor_riveting,
          nicolae_qazlal_eye_of_the_storm
D:6:      layout_basic, kennysheep_mini_moat, minmay_temple_entry_junction_2,
          basic_altar, grunt_ministairs_4
D:7:      layout_rooms, uniq_prince_ribbit1
D:8:      layout_cave_pools, lemuel_coloured_pillars_altar,
          gammafunk_temple_overflow_claw, uniq_erica
D:9:      layout_roguey, minmay_overflow_temple_star_hex
D:10:     layout_loops_ring, hangedman_ranch [blue_anna_fruit_fields],
          kennysheep_nondescript, patterned_corridor
D:11:     kennysheep_ambush_hall, layout_rooms, david_lair_shrubbed,
          nicolae_benzene_ring, uniq_fannar
D:12:     layout_loops_ring, zombieorc2_lemuel
D:13:     layout_basic, ximxim_vaults_locker_room, enter_trove_3,
          billiards_dpeg, uniq_sonja, uniq_azrael, uniq_urug
D:14:     layout_cave_pools, basic_altar, minivault_11, kennysheep_treasure_room
D:15:     gammafunk_depths_entry_grave, layout_loops_ring,
          chequers_serial_rivers_micro_c, gauntlet_entry_generic
Temple:   bh_familiar_temple
Lair:1:   layout_cave_pods
Lair:2:   layout_layer_cave, nicolae_spider_entry_non_spiders
Lair:3:   layout_loops_ring, kennysheep_catoblepas_arena
Lair:4:   layout_long_grid, skrybe_swamp_entry_bodies, serial_bayou_shore_a,
          lemuel_fruit_tree
Lair:5:   onia_ninara_swampy_vault, layout_misc_corridors
Lair:6:   wormcave, layout_regular_city, hangedman_lair_caniforms_friends,
          slime_altar_1
Swamp:1:  layout_basic_swamp, evilmike_swamp_ruin_house_2
Swamp:2:  layout_basic_swamp, evilmike_swamp_ruin_wall,
          infiniplex_staircase_pool, uniq_roxanne
Swamp:3:  layout_basic_swamp, evilmike_swamp_ruin_house_5
Swamp:4:  byrel_swamp_growth_death_and_undeath, layout_basic_swamp
Spider:1: layout_spider_delve
Spider:2: layout_chambers, uniq_nikola, uniq_arachne
Spider:3: layout_spider_delve, nicolae_looking_at_the_future
Spider:4: spider_rune_water, portal_ice_cave_entry_pillars_four,
          zaba_antful_of_joy
Orc:1:    layout_caves
Orc:2:    grunt_orc_tribal_feast, layout_diamond_mine, uniq_nessos
Elf:1:    minmay_elf_arrival_plus, layout_gridlike, serial_shops, shop,
          evilmike_minifort
Elf:2:    layout_geoelf_octagon, serial_shops, nicolae_shop_crystal
Elf:3:    minmay_elf_hall_spiked, layout_rooms
Vaults:1: v_alt_pattern_1, ontoclasm_vaults_chip, hangedman_vaults_hat,
          v_pattern_2, hangedman_vaults_restitches, v_rooms_3,
          ontoclasm_vaults_loading_screen, ontoclasm_vaults_chip,
          nicolae_vaults_gold_heap, grunt_vaults_hallway_short,
          layout_vaults_omnicross
Vaults:2: st_greater_box_2, minmay_crypt_entry_necro_gods, v_rooms_4, v_misc_18,
          vaults_mumra_lcd, v_misc_1, v_rooms_6, vaults_dpeg_encased_lava,
          ontoclasm_vaults_eye, vaults_room_semicircle, hangedman_vaults_locks,
          vaults_dpeg_ring, layout_vaults_big_room
Vaults:3: hangedman_vaults_restitches, nicolae_vaults_theta,
          hangedman_vaults_stream, ontoclasm_vaults_chip, v_misc_14,
          hangedman_vaults_stagger, nicolae_vaults_arrows,
          nicolae_vaults_circle_grid_b, v_misc_30, vaults_room_hallway,
          nicolae_vaults_little_squares_4, vaults_room_stairs_pillars,
          layout_vaults_omnibox
Vaults:4: vaults_mumra_minichess, v_misc_14, nicolae_vaults_ninety_degrees,
          v_misc_5, vaults_room_boxed, dpeg_vaults_monster_box,
          ontoclasm_vaults_twist, layout_vaults_omnigrid
Vaults:5: serial_shops
Crypt:1:  evilmike_wizard_prison, layout_chaotic_city, gammafunk_ghost_arena,
          st_small_mortuary, uniq_khufu
Crypt:2:  layout_rooms, roderic_lattice_octagonal_star, uniq_boris,
          uniq_bai_suzhen, uniq_margery
Crypt:3:  due_elkab, layout_chaotic_city
Depths:1: layout_cave_pools, enter_ziggurat_b, serial_sigils_hangedman_etch,
          hangedman_coc_ice_floe, glass_columns_a, hangedman_decor_opposing,
          grunt_ministairs_14, serial_bayou_pond_a, serial_bayou_crossing
Depths:2: hangedman_cross_stitches, layout_gridville, hangedman_geh_valley,
          cheibriados_altar_1, uniq_saint_roka
Depths:3: hourglass_vault, layout_cave_shapes, kennysheep_donut,
          rand_demon_pan_entry_9, abyss_entry, mu_enter_wizlab_5,
          grunt_hell_entry_dis_grunt
Depths:4: hangedman_spin_cycle, abyss_entry, hell_entry, uniq_sojobo
Depths:5: grunt_zot_entry_tricorne, layout_basic, grunt_hell_horde,
          rand_demon_pan_entry_5
Zot:1:    layout_gridlike, grunt_megastairs_2
Zot:2:    layout_twisted_circle
Zot:3:    layout_basic
Zot:4:    layout_concentric_octagons, drop_trap, st_stairs_11,
          hangedman_zot_decor_checkerboard, lemuel_elevator
Zot:5:    layout_onion
